 Dungeon Crawl Stone Soup version 0.18.1-5-g4a78601 (webtiles) character file.

174 oplop the Insei (level 5, -2/35 HPs)
             Began as an Octopode Transmuter on May 10, 2016.
             Slain by a kobold
             ... wielding a +0 short sword of electrocution
              (10 damage)
             ... on level 3 of the Dungeon.
             The game lasted 00:02:53 (2195 turns).

oplop the Insei (Octopode Transmuter)               Turns: 2195, Time: 00:02:54

Health: -2/35      AC:  2    Str: 11    XL:     5   Next: 54%
Magic:  3/9        EV: 20    Int: 15    God:
Gold:   135        SH:  0    Dex: 17    Spells: 3 memorised, 3 levels left

rFire  . . .     SeeInvis .       - Unarmed
rCold  . . .     Gourm    .     (shield currently unavailable)
rNeg   . . .     Faith    .     (helmet currently unavailable)
rPois  .         Spirit   .     (no amulet)
rElec  .         Dismiss  .     d - ring of poison resistance
rCorr  .         Reflect  .     (no ring)
SustAt .         Harm     .     (no ring)
MR     .....                    (no ring)
Stlth  ++........               (no ring)
                                (no ring)
                                (no ring)
                                (no ring)

@: spider-form, very slightly contaminated, not resistant to hostile
enchantments, unstealthy
A: almost no armour, (amphibious), 8 rings, (constrict 8), (camouflage 0),
(gelatinous body 0)
a: End Transformation


You were on level 3 of the Dungeon.
You were very hungry.
You were a venomous arachnid creature.
You visited 1 branch of the dungeon, and saw 3 of its levels.

You collected 135 gold pieces.

Inventory:

Missiles
 a - 43 arrows
Jewellery
 d - a ring of poison resistance (left front leg)
Wands
 j - a wand of disintegration (8/24)
Scrolls
 f - a scroll of amnesia {unknown}
 g - 3 scrolls of recharging {unknown}
 h - 2 scrolls of random uselessness {unknown}
 i - 2 scrolls of enchant weapon {unknown}
 l - a scroll of teleportation {unknown}
 n - 2 scrolls of remove curse {unknown}
 p - 2 scrolls of identify {unknown}
Potions
 e - a potion of cancellation {unknown}
 k - a potion of curing {unknown}
 m - a potion of mutation {unknown}
 o - a potion of heal wounds {unknown}
 r - a potion of brilliance {unknown}
Books
 b - a book of Changes

   Spells                             Type                      Level
   a - Beastly Appendage              Transmutation                1
   b - Sticks to Snakes               Transmutation                2
   c - Spider Form                    Transmutation/Poison         3
   d - Ice Form                       Ice/Transmutation            4
   e - Blade Hands                    Transmutation                5
Comestibles
 c - a bread ration


   Skills:
 + Level 2.6 Fighting
 + Level 2.6 Dodging
 + Level 3.6 Unarmed Combat
 + Level 2.7 Spellcasting
 * Level 3.5 Transmutations


You had 3 spell levels left.
You knew the following spells:

 Your Spells              Type           Power        Failure   Level  Hunger
a - Beastly Appendage     Trmt           ##....       17%         1    #......
b - Sticks to Snakes      Trmt           ##......     24%         2    ##.....
c - Spider Form           Trmt/Pois      #.........   56%         3    ###....


Dungeon Overview and Level Annotations

Branches:
Dungeon (3/15)

Altars:
Makhleb
The Shining One


Innate Abilities, Weirdness & Mutations

You cannot wear most types of armour.
((You are amphibious.))
You can wear up to eight rings at the same time.
((You can use your tentacles to constrict eight enemies at once.))
((Your skin changes colour to match your surroundings (Stealth).))
((Your rubbery body absorbs attacks (AC +1).))


Message History

The worm bites you.
The kobold hits you with a short sword of electrocution.
You are electrocuted!
You completely miss the worm.
The worm is moderately wounded.
The kobold hits you with a short sword of electrocution.
The worm closely misses you.
You hit the worm.
The worm looks even sicker.
The worm is heavily wounded.
The kobold hits you with a short sword of electrocution.
* * * LOW HITPOINT WARNING * * *
You are too injured to fight recklessly!
You are too injured to fight recklessly!
You kill the worm!
There is an open door here.
You barely miss the kobold.
The kobold hits you with a short sword of electrocution.
* * * LOW HITPOINT WARNING * * *
You are electrocuted!
You die...

##################
#.................
#>................
##s####............
###.K................
#.)....#.............
#.†.(.<#+#+###+##....
#.........##....
#....
#...............
#....
#.......#.......#
#....
#.....(.'.......#
#####
........##....###


You could see a kobold.

Vanquished Creatures
  Jessica (D:3)
  2 orc wizards (D:3)
  An adder (D:3)
  An ooze (D:3)
  4 worms
  5 dart slugs
  A giant gecko (D:3)
  7 orcs (D:3)
  2 ball pythons
  4 bats
  5 goblins
  6 hobgoblins
  3 quokkas (D:2)
  3 giant newts
  8 kobolds
  3 rats
56 creatures vanquished.

Notes
Turn   | Place    | Note
--------------------------------------------------------------
     0 | D:1      | oplop the Octopode Transmuter began the quest for the Orb.
     0 | D:1      | Reached XP level 1. HP: 13/13 MP: 3/3
   206 | D:1      | Reached XP level 2. HP: 9/18 MP: 5/5
   511 | D:1      | Learned a level 2 spell: Sticks to Snakes
   708 | D:2      | Found a glowing golden altar of the Shining One.
   956 | D:2      | Reached XP level 3. HP: 22/23 MP: 6/6
  1151 | D:2      | Found a burning altar of Makhleb.
  1440 | D:2      | Learned a level 3 spell: Spider Form
  1524 | D:3      | Noticed Jessica
  1527 | D:3      | Killed Jessica
  1527 | D:3      | Reached XP level 4. HP: 29/29 MP: 3/7
  1552 | D:3      | Reached XP level 5. HP: 18/34 MP: 2/8
  2195 | D:3      | Slain by a kobold

Skill      XL: |  1  2  3  4 |
---------------+-------------+-----
Fighting       | 2 |  2.6
Transmutations | 3 |  3.5
Dodging        | |  2.6
Unarmed Combat | |  3.6
Spellcasting   | |  2.7

Action                   |  1- 3 |  4- 6 || total
-------------------------+-------+-------++-------
Melee: Unarmed           |    70 |    74 ||   144
       Constrict         |    14 |     7 ||    21
       Tentacles         |     9 |     3 ||    12
       Punch             |     1 |       ||     1
       Kick              |     3 |     2 ||     5
 Cast: Beastly Appendage |     7 |     1 ||     8
       Spider Form       |     2 |     7 ||     9
 Stab: Sleeping          |     6 |     3 ||     9
  Eat: Chunk             |     2 |     2 ||     4
Armor: Skin              |     3 |     3 ||     6
Dodge: Dodged            |    30 |    43 ||    73
